 Dungeon Crawl Stone Soup version 0.31.0-12-g77e489cdc1 (webtiles) character file.

Game seed: 2300671022121140964

65 spaghetti the Shooter (level 4, -4/32 (33) HPs)
             Began as a Human Hunter on Feb 18, 2024.
             Slain by Crazy Yiuf
             ... wielding a +4 quarterstaff of chaos
              (14 damage)
             ... on level 2 of the Dungeon.
             The game lasted 00:02:04 (1816 turns).

spaghetti the Shooter (Human Hunter)                Turns: 1816, Time: 00:02:05

HP:   -4/32 (33)    AC:  3    Str: 15    XL:     4   Next: 13%
MP:   4/4           EV:  2    Int: 10    God:
Gold: 59            SH:  0    Dex: 18    Spells: 3/3 levels left

rFire   . . .        d - +4 hammer "Hongyiz" {drain, rPois Will+ Str+4}
rCold   . . .        (no shield)
rNeg    . . .        c - +0 leather armour
rPois   +            (no helmet)
rElec   .            (no cloak)
rCorr   .            (no gloves)
SInv    .            (no boots)
Will    +....        (no amulet)
Stlth   ++           (no ring)
HPRegen 0.25/turn    (no ring)
MPRegen 0.09/turn

%: no passive effects
@: sleeping, lightly drained
A: explore regen
a: no special abilities


You were on level 2 of the Dungeon.
You visited 1 branch of the dungeon, and saw 3 of its levels.

You collected 59 gold pieces.

Inventory:

Hand Weapons
 a - a +1 shortbow
 d - the +4 hammer "Hongyiz" (weapon) {drain, rPois Will+ Str+4}
   (You found it on level 2 of the Dungeon)

   Str+4:     It affects your strength (+4).
   rPois:     It protects you from poison Will+: It increases your willpower.
Armour
 c - a +0 leather armour (worn)
Scrolls
 b - a scroll of butterflies
 e - a scroll of teleportation
 i - a scroll of identify
Potions
 f - a potion of cancellation
 g - 2 potions of curing
 h - 3 potions of brilliance


   Skills:
 - Level 2.0 Fighting
 + Level 5.5 Ranged Weapons
 - Level 2.0 Dodging
 - Level 1.0 Stealth


You had 3 spell levels left.
You didn't know any spells.
Your spell library contained the following spells:

 Spells                   Type           Power      Damage    Failure   Level
 Blink                    Tloc           0%         N/A       56%         2
 Lesser Beckoning         Tloc           0%         N/A       56%         2
 Momentum Strike          Conj/Tloc      0%         3d8       56%         2


Dungeon Overview and Level Annotations

Branches:
Dungeon (3/15)

Altars:

Annotations:
D:2 Crazy Yiuf


Innate Abilities, Weirdness & Mutations

You regain HP and MP as you explore.


Message History

Crazy Yiuf barely misses you.
You hit Crazy Yiuf.
Crazy Yiuf is heavily wounded.
Crazy Yiuf hits you with a +4 quarterstaff of chaos.
You feel drained. Crazy Yiuf barely misses you.
You are too injured to fight recklessly!
You are too injured to fight recklessly!
You are too injured to fight recklessly!
You are too injured to fight recklessly!
You are too injured to fight recklessly!
You are too injured to fight recklessly!
You are too injured to fight recklessly!
You are too injured to fight recklessly!
You are too injured to fight recklessly!
You are too injured to fight recklessly!
You are too injured to fight recklessly!
You are too injured to fight recklessly!
You are too injured to fight recklessly!
You are too injured to fight recklessly!
You are too injured to fight recklessly!
You are too injured to fight recklessly!
You are too injured to fight recklessly!
You are too injured to fight recklessly!
You are too injured to fight recklessly!
Unknown command.
You barely miss Crazy Yiuf.
Crazy Yiuf is heavily wounded.
Crazy Yiuf hits you with a +4 quarterstaff of chaos!
You hit Crazy Yiuf. You drain Crazy Yiuf.
Crazy Yiuf is almost dead.
Crazy Yiuf barely misses you.
Unknown command.
You hit Crazy Yiuf but do no damage. You drain Crazy Yiuf.
Crazy Yiuf is almost dead.
Crazy Yiuf says, "Whiteboard!"
Crazy Yiuf hits you with a +4 quarterstaff of chaos.
You fall asleep.
Crazy Yiuf grits, "Pitchfork sing-song sizzlefizz!"
Crazy Yiuf hits you with a +4 quarterstaff of chaos!
You die...

#..........# #.###.##.#
#.#..#####.# ##.#.###.#
#.#..#####.########.## #.#
#.#..##.............# #.#
###.#..>.......###.##.####.#
.##.#.###.##.#.# #.<.......#
.##.#.# #.##.#.###....######
.##.#.# #.##.#...g.##.#
......###.##.###@####.#
.##..........###.####.#
.....................##
###############.#....#
##...####♣♣♣♣♣
###..#.#..♣.♣♣♣###
##.....♣.♣..♣#.. #
#......♣♣♣♣.'.. ## ##..#.♣♣
♣♣#..


You could see Crazy Yiuf (very drained).

Vanquished Creatures
  An adder (D:2)
  A dart slug (D:1)
  8 bats
  2 endoplasms (D:1)
  2 giant cockroaches (D:1)
  5 goblins (D:1)
  6 hobgoblins
  7 jackals
  A kobold (D:2)
  3 quokkas
  4 ball pythons
  3 frilled lizards
  3 rats
46 creatures vanquished.

Notes
Turn   | Place    | Note
-------+----------+-------------------------------------------
     0 | D:1      | spaghetti the Human Hunter began the quest for the Orb.
     0 | D:1      | Reached XP level 1. HP: 16/16 MP: 1/1
    15 | D:1      | Noticed a tengu
    17 | D:1      | Noticed an elf
    19 | D:1      | Noticed a spriggan
   190 | D:1      | Reached XP level 2. HP: 22/22 MP: 2/2
   383 | D:1      | Reached XP level 3. HP: 27/27 MP: 3/3
   393 | D:1      | Reached skill level 5 in Ranged Weapons
   945 | D:2      | Reached XP level 4. HP: 30/33 MP: 4/4
  1057 | D:2      | Found a runed translucent door.
  1058 | D:2      | Noticed Crazy Yiuf
  1788 | D:2      | Identified the +4 hammer "Hongyiz" {drain, rPois Will+
                  | Str+4}
  1816 | D:2      | Slain by Crazy Yiuf

Illustrated notes

Levels and vault maps discovered:
D:1:      shiori_arrival_whats_in_store_for_you, layout_basic
D:2:      layout_loops_ring, serial_glass, glass_columns_a, glass_columns_a,
          uniq_crazy_yiuf_cottage
D:3:      layout_loops_ring

Skill      XL: |  1  2  3 |
---------------+----------+-----
Ranged Weapons | 5 |  5.5
Fighting       | |  2.0
Dodging        | |  2.0
Stealth        | |  1.0

Action                     |  1- 3 |  4- 6 || total
---------------------------+-------+-------++-------
  Melee: Mace              |       |     7 ||     7
   Fire: Shortbow          |    89 |    15 ||   104
    Use: Scroll            |     1 |     5 ||     6
         Potion            |     2 |       ||     2
 Armour: Leather armour    |    18 |     7 ||    25
  Dodge: Dodged            |    20 |     9 ||    29
